 Dungeon Crawl Stone Soup version 0.23.0 (webtiles) character file.

Game seed: 7981587413883021139

8588 lilly the Cruncher (level 11, 0/85 HPs)
             Began as a Minotaur Monk on Feb 9, 2019.
             Was an Initiate of Gozag.
             Slain by an orc warrior
             ... wielding a +0 glaive
             ... led by an orc knight
              (4 damage)
             ... on level 1 of the Orcish Mines on Feb 16, 2019.
             The game lasted 00:29:44 (9961 turns).

lilly the Cruncher (Minotaur Monk)                  Turns: 9961, Time: 00:29:45

Health: 0/85       AC: 11    Str: 19    XL:     11   Next: 11%
Magic:  10/10      EV: 14    Int:  7    God:    Gozag
Gold:   1932       SH:  0    Dex: 15    Spells: 10/10 levels left

rFire    . . .     SeeInvis .   r - +7 quarterstaff (chaos)
rCold    . . .     Gourm    .   (shield currently unavailable)
rNeg     . . .     Faith    .   E - +0 ring mail of the Hidden Vale {Regen+}
rPois    +         Spirit   .   (helmet unavailable)
rElec    .         Reflect  .   s - +1 cloak
rCorr    +         Harm     +   (no gloves)
MR       .....                  u - +0 pair of boots
Stlth    ++........             o - amulet of harm
HPRegen  0.64/turn              g - ring of resist corrosion
MPRegen  0.12/turn              t - ring of poison resistance

@: gold aura, lightly drained
A: retaliatory headbutt, horns 3, icy blue scales 1, agile 1, frail 1
a: Potion Petition, Call Merchant, Bribe Branch, Renounce Religion


You were on level 1 of the Orcish Mines.
You worshipped Gozag.
Gozag was most pleased with you.
You were not hungry.

You visited 3 branches of the dungeon, and saw 12 of its levels.

You collected 1932 gold pieces.

Inventory:

Hand Weapons
 r - a +7 quarterstaff of chaos (weapon)
Missiles
 b - 8 tomahawks (quivered)
 J - 3 tomahawks of returning
Armour
 s - a +1 cloak (worn)
 u - a +0 pair of boots (worn)
 B - a +0 chain mail
 E - the +0 ring mail of the Hidden Vale (worn) {Regen+}
   (You found it on level 8 of the Dungeon)

   It increases your rate of regeneration.
Jewellery
 f - an uncursed ring of positive energy
 g - a ring of resist corrosion (left hand)
 o - an amulet of harm (around neck)
 t - a ring of poison resistance (right hand)
 w - an uncursed ring of protection from fire {unknown}
 L - an uncursed ring of wizardry {unknown}
Wands
 e - a wand of enslavement (9)
 q - a wand of polymorph (8)
 z - a wand of random effects (35)
 K - a wand of flame (13)
Scrolls
 d - 2 scrolls of enchant weapon
 h - a scroll of amnesia
 l - a scroll of fear
 m - 4 scrolls of remove curse
 p - 8 scrolls of teleportation {unknown}
 v - a scroll of magic mapping
 y - 3 scrolls of immolation
 A - 3 scrolls of fog
 G - a scroll of brand weapon
 H - a scroll of random uselessness {unknown}
Potions
 i - 5 potions of curing
 j - a potion of heal wounds
 k - a potion of flight
 n - a potion of brilliance
 x - a potion of lignification
 C - a potion of berserk rage
 D - a potion of might
 F - a potion of invisibility
 I - 2 potions of agility
Comestibles
 c - 11 rations


   Skills:
 + Level 8.7(8.4) Fighting
   Level 6.9(11.0) Maces & Flails
 * Level 13.9(14.1) Staves
 + Level 0.9(0.6) Throwing
 + Level 6.2(5.9) Armour
 + Level 6.5(6.2) Dodging
 + Level 4.7(4.4) Stealth
 * Level 0.7(0.5) Evocations


You had 10 spell levels left.
You didn't know any spells.
Your spell library contained the following spells:

 Spells                   Type           Power        Failure   Level  Hunger
 Animate Skeleton         Necr           N/A          58%         1    ##.....
 Confusing Touch          Hex            #.....       58%         1    ##.....
 Pain                     Necr           #...         58%         1    ##.....
 Confuse                  Hex            #.......     92%         3    ####...
 Gell's Gravitas          Tloc           #.........   92%         3    ####...
 Regeneration             Chrm/Necr      #.........   92%         3    ####...
 Vampiric Draining        Necr           #.........   92%         3    ####...
 Animate Dead             Necr           N/A          100%        4    #####..
 Petrify                  Tmut/Erth      #.......     100%        4    #####..
 Metabolic Englaciation   Hex/Ice        #.........   100%        5    ######.
 Yara's Violent Unravell  Hex/Tmut       #.........   100%        5    ######.


Dungeon Overview and Level Annotations

Branches:
Dungeon (10/15)            Temple (1/1) D:4            Lair (0/6) D:10
    Orc (1/2) D:9

Altars:
Ashenzari
Cheibriados
Dithmenos
Elyvilon
Fedhas
Gozag
Hepliaklqana
Kikubaaqudgha
Makhleb
Nemelex Xobeh
Okawaru
Qazlal
Ru
Sif Muna
Trog
Uskayaw
Vehumet
Wu Jian
Xom
Yredelemnul
Zin
The Shining One

Shops:
D:4 (

Annotations:
Orc:1 Nergalle


Innate Abilities, Weirdness & Mutations

You reflexively headbutt those who attack you in melee.
You have a pair of large horns on your head.
You are partially covered in icy blue scales. (AC +2)
You are agile. (Dex +2)
You are frail. (-10% HP)


Message History

The orc knight is heavily wounded.
The spectral orc warrior closely misses you.
The orc knight barely misses you.
The spectral orc warrior hits you with a +0 dire flail.
You feel drained. The orc warrior barely misses you.
You barely miss the orc knight.
The orc knight is heavily wounded.
The orc priest is no longer distracted by gold.
The orc is no longer distracted by gold.
You barely miss the orc knight.
The orc knight is heavily wounded.
The spectral orc warrior barely misses you. x2
You furiously retaliate!
You headbutt the spectral orc warrior, but do no damage.
The orc knight hits you with a +0 broad axe!!
* * * LOW HITPOINT WARNING * * *
The ogre barely misses you. You furiously retaliate!
You headbutt the ogre!
The orc warrior hits you from afar with a +0 glaive.
You die...
Your body crumbles into a pile of gold.

...(..............#
......>.....#.#..##
)..........#.#.###
)...............#*##
...............###.##
.........^......#...#**
...............$(..##.##
...#......#.#.$Z.......#
....#.....#....Z@..>..##
.............$#Oo.$...#
.##.#........#.#o###.##
##,...,.#.......#o**##
#,,,,.$,#......#,oO****
..,,,$,*##.....,*o..*,**
..#*,,**,####..*,..$.,,***
###**$*,,,*
**,,,...,,**,** #
*,,,,,,***,,,,,,,,,,,,,*


You could see an orc knight, Nergalle, 2 spectral orc warriors, an orc warrior,
an ogre and 2 orcs.

Vanquished Creatures
  A hydra (D:10)
  2 two-headed ogres
  A shining eye (shapeshifter) (D:10)
  A komodo dragon (D:10)
  Sigmund (D:4)
  10 yaks (D:9)
  Eustachio (D:4)
  A steam dragon (D:8)
  A hungry ghost (D:7)
  A water moccasin (D:9)
  3 wargs
  3 ice beasts
  2 orc warriors
  A sky beast (D:5)
  5 ogres
  3 phantoms
  4 centaurs
  3 bullfrogs
  A water moccasin zombie (D:8)
  3 scorpions
  A wyvern skeleton (D:8)
  5 killer bees (D:10)
  3 crimson imps
  A howler monkey (D:5)
  2 bullfrog zombies (D:9)
  7 jellies
  6 orc wizards
  A centaur skeleton (D:5)
  3 orc priests
  3 hounds
  Crazy Yiuf (D:2)
  4 iguanas
  Natasha (thrice) (D:2)
  4 worker ants
  A hound skeleton (D:9)
  3 gnolls (D:2)
  11 adders
  A howler monkey skeleton (D:6)
  6 oozes
  2 worms (D:2)
  9 leopard geckos
  33 orcs
  6 giant cockroaches
  5 goblins
  4 hobgoblins
  7 jackals
  4 ball pythons
  A ball python skeleton (D:4)
  8 bats
  3 frilled lizards
  A jackal zombie (D:7)
  6 kobolds
  A leopard gecko skeleton (D:5)
  A quokka zombie (D:5)
  9 rats
  A plant (D:10)
215 creatures vanquished.

Vanquished Creatures (others)
  A wizard (D:10)
  A plant (D:10)
2 creatures vanquished.

Grand Total: 217 creatures vanquished

Notes
Turn   | Place    | Note
-------+----------+-------------------------------------------
     0 | D:1      | lilly the Minotaur Monk began the quest for the Orb.
     0 | D:1      | Reached XP level 1. HP: 19/19 MP: 0/0
   562 | D:1      | Reached XP level 2. HP: 21/27 MP: 1/1
   751 | D:2      | Reached XP level 3. HP: 21/33 MP: 2/2
   928 | D:2      | Found a runed translucent door.
   929 | D:2      | Noticed Crazy Yiuf
  1154 | D:2      | Reached XP level 4. HP: 40/40 MP: 3/3
  1159 | D:2      | Reached skill level 5 in Maces & Flails
  1468 | D:2      | Noticed Natasha
  1484 | D:2      | Killed Natasha
  1540 | D:2      | Reached XP level 5. HP: 11/46 MP: 4/4
  1826 | D:2      | Noticed Natasha
  1834 | D:2      | Killed Natasha
  1927 | D:2      | Noticed Natasha
  1937 | D:2      | Killed Natasha
  2278 | D:2      | Killed Crazy Yiuf
  2908 | D:3      | Reached XP level 6. HP: 34/53 MP: 5/5
  3101 | D:3      | Noticed an ice beast
  3108 | D:3      | Killed an ice beast
  3108 | D:3      | Reached skill level 2 in Staves
  3711 | D:4      | Found a staircase to the Ecumenical Temple.
  3711 | D:4      | Noticed Sigmund
  3721 | D:4      | Killed Sigmund
  3721 | D:4      | Reached skill level 3 in Staves
  3721 | D:4      | Reached XP level 7. HP: 60/60 MP: 6/6
  3730 | Temple   | Entered the Ecumenical Temple
  3807 | Temple   | Became a worshipper of Gozag Ym Sagoz the Greedy
  3828 | D:4      | Reached skill level 5 in Fighting
  3932 | D:4      | Found Offeulail's Antique Weapon Boutique.
  3967 | D:4      | Noticed Eustachio
  3981 | D:4      | Killed Eustachio
  3981 | D:4      | Reached skill level 4 in Staves
  3981 | D:4      | Reached skill level 5 in Dodging
  4137 | D:4      | Found an iron altar of Okawaru.
  4731 | D:4      | Gained mutation: You are partially covered in icy blue
                  | scales. (AC +2) [potion of mutation]
  4731 | D:4      | Gained mutation: You are agile. (Dex +2) [potion of
                  | mutation]
  4731 | D:4      | Gained mutation: You are frail. (-10% HP) [potion of
                  | mutation]
  4731 | D:4      | Gained mutation: You have a pair of large horns on your
                  | head. [potion of mutation]
  4864 | D:5      | Entered Level 5 of the Dungeon
  4864 | D:5      | Found a hazy altar of Hepliaklqana.
  4876 | D:5      | Reached skill level 5 in Staves
  5316 | D:5      | Reached skill level 6 in Staves
  5320 | D:5      | Reached XP level 8. HP: 58/62 MP: 7/7
  5388 | D:5      | Reached skill level 1 in Armour
  5501 | D:5      | Found a burning altar of Makhleb.
  5501 | D:5      | Noticed a balrug
  5816 | D:6      | Reached skill level 7 in Staves
  6118 | D:6      | Reached skill level 8 in Staves
  6438 | D:6      | Found a shadowy altar of Dithmenos.
  6596 | D:7      | Found a stormy altar of Qazlal.
  6722 | D:7      | Found a glowing golden altar of the Shining One.
  6801 | D:7      | Found a bloodstained altar of Trog.
  6801 | D:7      | Found a hide-covered altar of Uskayaw.
  6802 | D:7      | Found a glowing silver altar of Zin.
  6805 | D:7      | Reached skill level 9 in Staves
  6818 | D:7      | Reached XP level 9. HP: 67/67 MP: 8/8
  6844 | D:7      | Found a deep blue altar of Sif Muna.
  6844 | D:7      | Found a snail-covered altar of Cheibriados.
  7089 | D:8      | Got a pitted ring mail
  7100 | D:8      | Identified the +0 ring mail of the Hidden Vale {Regen+}
                  | (You found it on level 8 of the Dungeon)
  7404 | D:8      | Reached skill level 10 in Staves
  7709 | D:9      | Noticed a two-headed ogre
  7716 | D:9      | Killed a two-headed ogre
  7716 | D:9      | Reached skill level 11 in Staves
  7806 | D:9      | Found a staircase to the Orcish Mines.
  7825 | D:9      | Reached skill level 5 in Armour
  7841 | D:9      | Reached XP level 10. HP: 40/77 MP: 9/9
  7995 | D:9      | Found a deep blue altar of Sif Muna.
  8026 | D:9      | Reached skill level 12 in Staves
  8125 | D:9      | Found a white marble altar of Elyvilon.
  8669 | D:10     | Entered Level 10 of the Dungeon
  8947 | D:10     | Noticed a shining eye
  8956 | D:10     | Killed a shining eye
  8956 | D:10     | Reached skill level 13 in Staves
  9048 | D:10     | Noticed a two-headed ogre
  9053 | D:10     | Killed a two-headed ogre
  9223 | D:10     | Found a staircase to the Lair.
  9520 | D:10     | Found a bloodstained altar of Trog.
  9521 | D:10     | Noticed a wizard
  9527 | D:10     | Killed a wizard
  9560 | D:10     | Noticed a six-headed hydra
  9566 | D:10     | Killed a six-headed hydra
  9566 | D:10     | Reached XP level 11. HP: 71/85 MP: 10/10
  9774 | Orc:1    | Entered Level 1 of the Orcish Mines
  9945 | Orc:1    | Noticed an orc knight
  9945 | Orc:1    | Noticed Nergalle
  9961 | Orc:1    | HP: 4/85 [orc knight/+0 broad axe (33)]
  9961 | Orc:1    | Slain by an orc warrior

Skill      XL: |  1  2  3  4  5  6  7  8  9 10 |
---------------+-------------------------------+-----
Maces & Flails | 4 5 6 |  6.9
Fighting       | 4 5 6 7 8 |  8.7
Dodging        | 4 5 6 |  6.5
Stealth        | 2 3 4 |  4.7
Staves         | 3 6 9 11 13 | 13.9
Armour         | 3 5 6 |  6.2
Throwing       | |  0.9
Evocations     | |  0.7

Action                   |  1- 3 |  4- 6 |  7- 9 | 10-12 || total
-------------------------+-------+-------+-------+-------++-------
Melee: Mace              |    52 |    80 |       |       ||   132
       Headbutt          |     8 |    22 |    25 |    24 ||    79
       Quarterstaff      |       |    37 |   188 |   129 ||   354
Throw: Tomahawk          |       |       |     1 |     2 ||     3
  Use: Potion            |       |     2 |     3 |       ||     5
       Scroll            |       |       |    21 |     6 ||    27
 Stab: Sleeping          |     1 |     2 |     2 |     2 ||     7
       Paralysed         |       |       |     1 |     1 ||     2
       Confused          |       |       |       |     1 ||     1
       Petrifying        |       |       |       |     1 ||     1
       Distracted        |       |       |       |     1 ||     1
  Eat: Chunk             |       |     3 |       |       ||     3
       Ration            |       |     2 |     4 |     2 ||     8
Armor: Robe              |    20 |    12 |     3 |       ||    35
       Chain mail        |       |       |    66 |       ||    66
       Ring mail         |       |       |    18 |    38 ||    56
       Skin              |       |       |     8 |     3 ||    11
Dodge: Dodged            |    57 |    77 |    99 |    90 ||   323
